 Dungeon Crawl Stone Soup version 0.29-a0-284-gf9362112df (webtiles) character file.

Game seed: 8016819260050315485

152735 Sweetruy1997 the Peltast (level 17, -1/152 HPs)
             Began as a Minotaur Berserker on Feb 26, 2022.
             Was the Champion of Trog.
             Slain by a slime creature (8 damage)
             ... on level 5 of the Lair of Beasts on Mar 19, 2022.
             The game lasted 01:55:48 (35766 turns).

Sweetruy1997 the Peltast (Minotaur Berserker)      Turns: 35766, Time: 01:55:49

Health: -1/152     AC: 28    Str: 22    XL:     17   Next: 3%
Magic:  0/18       EV:  6    Int:  6    God:    Trog [******]
Gold:   415        SH: 19    Dex: 30    Spells: 16/16 levels left

rFire   . . .      SeeInvis +   F - +10 rapier of Eternal Vigilance {vorpal, Drain rElec Dex+10}
rCold   + . .      Faith    .   L - +1 kite shield {reflect}
rNeg    . . .      Spirit   +   v - +1 crystal plate armour
rPois   .          Reflect  +   Y - +2 hat {SInv}
rElec   +          Harm     .   g - +2 cloak {Will+}
rCorr   .          Rampage  .   t - +0 pair of gloves
Will    ++...                   e - +0 pair of boots
Stlth   ..........              S - amulet of guardian spirit
HPRegen 0.35/turn               B - +4 ring of protection
MPRegen 0.16/turn               C - ring of protection from cold

@: corroded, unable to read
A: horns 2, retaliatory headbutt, agile 1, clever 1, high MP 1, screaming 1,
inability to read while threatened
a: Renounce Religion, Berserk, Trog's Hand, Brothers in Arms


You were on level 5 of the Lair of Beasts.
You worshipped Trog.
Trog was exalted by your worship.
You visited 8 branches of the dungeon, and saw 30 of its levels.
You visited 1 bazaar.
You also visited: Ice Cave.

You collected 2997 gold pieces.
You spent 2582 gold pieces at shops.

Inventory:

Hand Weapons
 f - a +3 short sword of freezing
 A - the +3 hunting sling of the Forsaken Queens {freeze, rN+ Str+3 Int+3 Stlth+}
   (You found it on level 7 of the Dungeon)

   Any ammunition fired from it freezes those it strikes, dealing additional
   cold damage.
   It can also slow down cold-blooded creatures.
   Str:       It affects your strength (+3).
   Int:       It affects your intelligence (+3).
   rN:        It protects you from negative energy.
   Stlth:     It makes you more stealthy.
 F - the +10 rapier of Eternal Vigilance (weapon) {vorpal, Drain rElec Dex+10}
   (Trog gifted it to you on level 14 of the Dungeon)

   It inflicts extra damage upon your enemies.
   Dex:       It affects your dexterity (+10).
   rElec:     It insulates you from electricity.
   Drain:     It drains your maximum health when unequipped.
 P - the +10 rapier "Giantslayer" {vorpal, rPois Dex+3}
   (Trog gifted it to you on level 1 of the Lair of Beasts)

   It inflicts extra damage upon your enemies.
   Dex:       It affects your dexterity (+3).
   rPois:     It protects you from poison.
Missiles
 U - 2 boomerangs (quivered)
 X - 2 boomerangs of dispersal
 Z - a javelin
Armour
 e - a +0 pair of boots (worn)
 g - a +2 cloak of willpower (worn)
 t - a +0 pair of gloves (worn)
 v - a +1 crystal plate armour (worn)
 y - +0 fire dragon scales
 L - a +1 kite shield of reflection (worn)
 W - +0 ice dragon scales
 Y - a +2 hat of see invisible (worn)
Jewellery
 a - a ring of see invisible
 b - a ring of fire
 c - a ring of poison resistance
 o - a ring of positive energy
 B - a +4 ring of protection (left hand)
 C - a ring of protection from cold (right hand)
 S - an amulet of guardian spirit (around neck)
Wands
 i - a wand of charming (8)
 p - a wand of polymorph (6)
 r - a wand of flame (25)
 u - a wand of digging (15)
 J - a wand of paralysis (6)
Scrolls
 d - 6 scrolls of fog
 m - 14 scrolls of teleportation
 x - a scroll of silence
 D - 2 scrolls of magic mapping
 E - 13 scrolls of identify
 H - 2 scrolls of blinking
 K - 2 scrolls of summoning
 N - 3 scrolls of fear
Potions
 h - 2 potions of berserk rage
 j - 8 potions of curing
 k - 3 potions of resistance
 l - 2 potions of heal wounds
 n - a potion of flight
 q - 4 potions of invisibility
 s - 6 potions of haste
 w - 5 potions of might
 G - a potion of cancellation
 Q - a potion of lignification
 R - 2 potions of ambrosia
Miscellaneous
 z - a tin of tremorstones (2/2)
 I - a condenser vane
 M - a lightning rod (4/4)
 O - a condenser vane
 T - a piece from Xom's chessboard (15/15)
 V - a phial of floods


   Skills:
 - Level 14.0 Fighting
 - Level 14.0 Short Blades
 - Level 4.5 Axes
 - Level 1.4 Staves
 - Level 1.2(10.9) Slings
 - Level 1.0 Bows
 - Level 1.1 Crossbows
 + Level 15.3(15.4) Throwing
 - Level 14.0 Armour
 + Level 3.4 Dodging
 + Level 4.3 Stealth
 - Level 18.0 Shields
 + Level 1.0 Invocations
 + Level 7.9 Evocations


You had 16 spell levels left.
You didn't know any spells.
Your spell library was empty.

Dungeon Overview and Level Annotations

Branches:
Dungeon (15/15)            Temple (1/1) D:4            Lair (6/6) D:8
 Shoals (2/4) Lair:4        Snake (0/4) Lair:2        Slime (1/5) Lair:5
    Orc (2/2) D:11            Elf (2/3) Orc:2        Vaults (0/5) D:14
 Depths (1/4) D:15          IceCv (visited)

Altars:
Ashenzari
Cheibriados
Dithmenos
Elyvilon
Fedhas
Gozag
Hepliaklqana
Kikubaaqudgha
Makhleb
Nemelex Xobeh
Okawaru
Qazlal
Ru
Trog
Uskayaw
Vehumet
Wu Jian
Xom
Yredelemnul
Zin
The Shining One
Beogh
Jiyva

Shops:
D:9 [**[   D:11 [   D:13 :   Orc:2 [*?*


Innate Abilities, Weirdness & Mutations

You have a pair of horns on your head.
You reflexively headbutt those who attack you in melee.
You are agile. (Dex +2)
Your mind is acute. (Int +2)
You have an increased reservoir of magic. (+10% MP)
You occasionally shout uncontrollably at your foes.
You sometimes lose the ability to read scrolls when taking damage.


Message History

You puncture the slime creature!
The slime creature is heavily wounded.
The acid blob hits you!
You are splashed with acid!
You block the slime creature's attack.
You puncture the acid blob!
Your hands burn!
The acid blob is lightly wounded.
The acid blob hits you!
You are splashed with acid!
You impale the acid blob!!
Your hands burn!
You headbutt the acid blob.
The acid blob is moderately wounded.
You block the slime creature's attack.
The large slime creature hits you but does no damage.
You puncture the acid blob!
Your hands burn!
The acid blob is heavily wounded.
You block the acid blob's attack.
You puncture the acid blob!
Your hands burn!
You headbutt the acid blob.
The acid blob is severely wounded.
The slime creature completely misses you.
You furiously retaliate!
You headbutt the slime creature!
You block the large slime creature's attack.
You block the acid blob's attack.
You puncture the acid blob!
Your hands burn!
Your headbutt misses the acid blob.
The acid blob is severely wounded.
You puncture the acid blob!
Your hands burn!
* * * LOW HITPOINT WARNING * * *
The acid blob is almost dead.
The acid blob spits acid at you. The splash of acid hits you.
* * * LOW HITPOINT WARNING * * *
The acid corrodes you! The large slime creature hits you!!
* * * LOW HITPOINT WARNING * * *
The slime creature hits you!
* * * LOW HITPOINT WARNING * * *
You feel much better. The acid blob spits acid at you.
The splash of acid hits you!!
* * * LOW HITPOINT WARNING * * *
The large slime creature hits you but does no damage.
The slime creature hits you!
You die...

.P............##
#..........
#P............#
##.........
#####.#.......#
#.........
######...##
###....... ##..P##
##....... #....###
#........
#...##.####
##.......
##...JJ.#.#
##.>....
#...J@...##
#..#..#.
#.#.......#
########
###......##
###....#
##..#############
##..##.#.##..#P##
####....[......#..#
#P.#..#............
##...#.............


You could see an acid blob, a large slime creature and a slime creature.

Vanquished Creatures
  Rupert (D:12)
  Gastronok (Lair:1)
  Donald (Elf:1)
  A reaper (IceCv)
  Nessos (D:15)
  An ettin (D:15)
  3 merfolk impalers (Shoals:2)
  Snorg (Lair:5)
  Josephine (D:10)
  A merfolk javelineer (Shoals:2)
  Harold (D:7)
  4 vault guards (D:14)
  21 hydras
  A boulder beetle (Lair:2)
  An ogre mage (D:14)
  Erica (Lair:1)
  2 catoblepae
  4 centaur warriors
  4 dancing weapons (Elf:1)
  5 orc high priests (Orc:2)
  The ghost of Gainor the Martial Artist, a novice HuMo of Wu Jian (Lair:1)
  11 two-headed ogres
  Urug (Lair:4)
  3 tengu warriors
  11 deep elf knights
  Sonja (Orc:1)
  The ghost of Waabatro the Cleaver, a novice GrFi of Okawaru (Lair:1)
  4 skeletal warriors (D:11)
  4 deep trolls
  6 sea snakes
  An orange crystal statue (D:13)
  10 orc knights
  3 wizards
  10 deep elf archers
  3 harpies (D:15)
  A lindwurm (shapeshifter) (D:14)
  12 deep elf zephyrmancers (Elf:1)
  A necromancer (D:15)
  An orc sorcerer (Orc:2)
  12 deep elf pyromancers
  3 ugly things
  8 fauns
  A moth of wrath (D:15)
  8 manticores
  5 cyclopes
  6 black mambas
  2 merfolk sirens
  2 ice statues (IceCv)
  22 elephants
  A cane toad (shapeshifter) (D:15)
  17 cane toads
  2 gargoyles
  6 rime drakes
  An efreet (D:13)
  6 ice devils (IceCv)
  9 komodo dragons
  A freezing wraith (IceCv)
  19 merfolk
  3 polar bears
  A hellwing (D:12)
  3 tyrant leeches (Lair:6)
  3 trolls
  A blink frog (shapeshifter) (Elf:1)
  8 slime creatures
  4 dream sheep (Shoals:1)
  19 blink frogs
  3 snapping turtles
  2 shadows (D:10)
  4 water elementals
  37 yaks
  Eustachio (D:4)
  An air elemental (Elf:1)
  A dire elephant simulacrum (IceCv)
  8 wraiths
  9 basilisks
  2 fire elementals (Elf:2)
  8 vampire mosquitoes
  3 wyverns
  3 wargs (D:15)
  A naga (Lair:2)
  2 acid dragons
  26 water moccasins
  34 orc warriors
  2 black bears
  3 necrophages
  3 sky beasts
  A tengu (shapeshifter) (Elf:1)
  3 wolves (Lair:4)
  10 ogres
  3 phantoms
  20 centaurs
  The ghost of jejorda2 the Shooter, an amateur DEHu (D:3)
  27 bullfrogs
  5 kobold brigands
  A cane toad simulacrum (IceCv)
  3 scorpions
  3 two-headed ogre simulacra (IceCv)
  5 howler monkeys
  7 wights
  4 elephant simulacra (IceCv)
  15 killer bees
  7 electric eels
  2 hounds
  25 orc priests
  A gnoll shaman (D:8)
  3 jellies
  5 iguanas
  3 iron imps (D:3)
  12 orc wizards
  A polar bear simulacrum (IceCv)
  4 troll simulacra (IceCv)
  Robin (D:2)
  11 gnolls
  4 adders
  2 naga simulacra (IceCv)
  18 white imps
  4 worms
  A dart slug (D:2)
  67 orcs
  8 endoplasms
  3 giant cockroaches
  23 goblins
  9 hobgoblins
  2 jackals (D:3)
  4 quokkas
  6 ball pythons
  3 bats
  A frilled lizard (D:1)
  31 kobolds
  6 rats
842 creatures vanquished.

Vanquished Creatures (collateral kills)
  A cyclops (D:13)
  A manticore (D:12)
  Grinder (D:5)
  An orc priest (D:10)
  A hound (D:5)
  An orc wizard (D:5)
  A gnoll (D:5)
  6 orcs (D:5)
  A kobold (D:5)
14 creatures vanquished.

Vanquished Creatures (others)
  The ghost of Gitueniwk the Protected, a journeyman GrEE of Ashenzari (D:15)
  2 two-headed ogres (D:15)
  A dancing weapon (Elf:1)
  A deep elf knight (Elf:1)
  An ugly thing (D:14)
  A moth of wrath (D:15)
  A white imp (Lair:6)
  A fire vortex (D:14)
  30 fungi
  101 plants
  A withered plant (D:15)
141 creatures vanquished.

Grand Total: 997 creatures vanquished

Notes
Turn   | Place    | Note
-------+----------+-------------------------------------------
     0 | D:1      | Sweetruy1997 the Minotaur Berserker began the quest for the
                  | Orb.
     0 | D:1      | Reached XP level 1. HP: 19/19 MP: 0/0
   475 | D:1      | Reached XP level 2. HP: 27/27 MP: 1/1
  1111 | D:2      | Noticed Robin
  1121 | D:2      | Reached ** piety under Trog
  1126 | D:2      | Reached XP level 3. HP: 28/33 MP: 2/2
  1132 | D:2      | Killed Robin
  1544 | D:2      | Found a shadowy altar of Dithmenos.
  1557 | D:2      | Reached skill level 1 in Short Blades
  1951 | D:3      | Found an opulent altar of Gozag.
  1973 | D:3      | Noticed a water moccasin
  1982 | D:3      | Reached XP level 4. HP: 37/40 MP: 3/3
  2011 | D:3      | Killed a water moccasin
  2012 | D:3      | Reached XP level 5. HP: 46/47 MP: 4/4
  2447 | D:3      | Found a runed translucent gate.
  2447 | D:3      | Noticed jejorda2's ghost (amateur DEHu)
  2457 | D:3      | Found a runed translucent gate.
  2458 | D:3      | Found a runed translucent gate.
  2918 | D:3      | Found a burning altar of Makhleb.
  2947 | D:3      | Reached skill level 5 in Fighting
  2960 | D:3      | Reached XP level 6. HP: 14/56 MP: 5/5
  3298 | D:3      | Killed jejorda2's ghost
  3521 | D:4      | Reached skill level 1 in Throwing
  3694 | D:4      | Reached skill level 5 in Short Blades
  3694 | D:4      | Reached XP level 7. HP: 29/61 MP: 6/6
  3898 | D:4      | Found a shimmering altar of Xom.
  3961 | D:4      | Reached *** piety under Trog
  4111 | D:4      | Noticed Eustachio
  4206 | D:4      | Killed Eustachio
  4207 | D:4      | Reached skill level 1 in Stealth
  4495 | D:4      | Found a staircase to the Ecumenical Temple.
  4502 | Temple   | Entered the Ecumenical Temple
  4621 | D:5      | Entered Level 5 of the Dungeon
  4657 | D:4      | Reached XP level 8. HP: 46/71 MP: 7/7
  4805 | D:5      | Reached skill level 5 in Armour
  4852 | D:5      | You fall into a shaft and drop 1 floor!
  5043 | D:5      | Noticed Grinder
  5090 | D:5      | Paralysed by Grinder for 7 turns
  5104 | D:5      | Killed Grinder
  5505 | D:5      | Reached **** piety under Trog
  5774 | D:6      | Reached XP level 9. HP: 81/81 MP: 8/8
  6392 | D:7      | Found a hide-covered altar of Uskayaw.
  6665 | D:7      | Reached skill level 10 in Short Blades
  6715 | D:7      | Noticed Harold
  6738 | D:7      | Killed Harold
  6790 | D:7      | Identified the +3 hunting sling of the Forsaken Queens
                  | {freeze, rN+ Str+3 Int+3 Stlth+}
  6908 | D:7      | Reached XP level 10. HP: 88/88 MP: 9/9
  7284 | D:8      | Reached skill level 1 in Staves
  7566 | D:7      | Reached skill level 1 in Shields
  7625 | D:8      | Reached skill level 1 in Slings
  7634 | D:8      | Reached skill level 1 in Crossbows
  7691 | D:8      | Reached skill level 1 in Bows
  7691 | D:8      | Reached skill level 1 in Invocations
  7749 | D:8      | Reached skill level 1 in Evocations
  8211 | D:8      | Found a staircase to the Lair.
  8742 | Lair:1   | Entered Level 1 of the Lair of Beasts
  8753 | Lair:1   | Noticed a black mamba
  8792 | D:8      | Killed a black mamba
  8973 | D:9      | Found Edaustrie's Antique Armour Shoppe.
  8982 | D:9      | Bought an embroidered cloak for 240 gold pieces
  9078 | D:9      | Noticed a two-headed ogre
  9210 | D:9      | Reached skill level 2 in Shields
  9341 | D:9      | Found Vakysh's General Store.
  9349 | D:9      | Bought 2 potions of heal wounds for 120 gold pieces
  9349 | D:9      | Bought a scroll of magic mapping for 42 gold pieces
  9425 | D:9      | Reached ***** piety under Trog
  9524 | D:9      | Reached skill level 3 in Shields
  9537 | D:9      | Reached skill level 10 in Armour
  9556 | D:9      | Found Temicsoul's Assorted Antiques.
  9639 | D:9      | Found Xonn's Antique Armour Boutique.
  9848 | D:10     | Entered Level 10 of the Dungeon
  9915 | D:10     | Noticed Josephine
 10196 | D:10     | Noticed a two-headed ogre
 10209 | D:10     | Killed a two-headed ogre
 10210 | D:10     | Reached skill level 4 in Shields
 10210 | D:10     | Reached XP level 11. HP: 90/97 MP: 10/10
 10435 | D:10     | Reached skill level 5 in Shields
 10465 | D:10     | Killed a two-headed ogre
 10648 | D:10     | Killed Josephine
 10649 | D:10     | Reached skill level 6 in Shields
 10659 | D:10     | Reached skill level 7 in Shields
 10981 | D:10     | Reached skill level 8 in Shields
 11231 | D:11     | Noticed a two-headed ogre
 11243 | D:11     | Killed a two-headed ogre
 11244 | D:11     | Reached skill level 9 in Shields
 11339 | D:11     | Noticed a two-headed ogre
 11358 | D:11     | Killed a two-headed ogre
 11697 | D:11     | Found a staircase to the Orcish Mines.
 11825 | D:11     | Found Zuwarol's Antique Armour Emporium.
 11880 | D:11     | Noticed a skeletal warrior
 11905 | D:11     | Killed a skeletal warrior
 11906 | D:11     | Reached skill level 10 in Shields
 12098 | D:11     | Noticed a skeletal warrior
 12098 | D:11     | Noticed a skeletal warrior
 12153 | D:11     | Killed a skeletal warrior
 12456 | D:11     | Noticed a skeletal warrior
 12523 | D:11     | Killed a skeletal warrior
 12524 | D:11     | Reached skill level 11 in Shields
 12537 | D:11     | Killed a skeletal warrior
 13079 | D:11     | Gained mutation: You are dopey. (Int -2) [potion of
                  | mutation]
 13079 | D:11     | Gained mutation: You are partially covered in iridescent
                  | scales. (AC +2) [potion of mutation]
 13080 | D:11     | Lost mutation: You are partially covered in iridescent
                  | scales. (AC +2) [potion of mutation]
 13080 | D:11     | Lost mutation: You are dopey. (Int -2) [potion of mutation]
 13080 | D:11     | Gained mutation: Your flesh is cold resistant. (rC+)
                  | [potion of mutation]
 13080 | D:11     | Gained mutation: You are partially covered in large bone
                  | plates. (SH +4) [potion of mutation]
 13458 | D:12     | Reached XP level 12. HP: 89/104 MP: 11/11
 13529 | D:12     | Noticed an eight-headed hydra
 13559 | D:12     | Reached skill level 12 in Shields
 13566 | D:12     | Killed an eight-headed hydra
 13888 | D:12     | Reached skill level 13 in Shields
 14034 | D:12     | Noticed Rupert
 14054 | D:12     | Killed Rupert
 14204 | D:12     | Reached skill level 14 in Shields
 14609 | D:13     | Noticed a seven-headed hydra
 14623 | D:13     | Killed a seven-headed hydra
 15104 | D:13     | Noticed a two-headed ogre
 15130 | D:13     | Killed a two-headed ogre
 15131 | D:13     | Reached skill level 15 in Shields
 15138 | D:13     | Lost mutation: Your flesh is cold resistant. (rC+) [potion
                  | of mutation]
 15138 | D:13     | Lost mutation: You are partially covered in large bone
                  | plates. (SH +4) [potion of mutation]
 15138 | D:13     | Gained mutation: You are dopey. (Int -2) [potion of
                  | mutation]
 15138 | D:13     | Gained mutation: Your system is resistant to poisons.
                  | (rPois) [potion of mutation]
 15138 | D:13     | Gained mutation: You are robust. (+10% HP) [potion of
                  | mutation]
 15242 | D:13     | Noticed a centaur warrior
 15265 | D:13     | Killed a centaur warrior
 15466 | D:13     | Noticed a two-headed ogre
 15475 | D:13     | Killed a two-headed ogre
 15569 | D:13     | Noticed a seven-headed hydra
 15586 | D:13     | Killed a seven-headed hydra
 15587 | D:13     | Reached skill level 16 in Shields
 15688 | D:13     | Found Otuvua's Book Shop.
 15688 | D:13     | Noticed a two-headed ogre
 15695 | D:13     | Reached skill level 5 in Evocations
 15700 | D:13     | Killed a two-headed ogre
 15701 | D:13     | Reached XP level 13. HP: 109/122 MP: 12/12
 15919 | D:14     | Found a flickering gateway to a bazaar.
 15929 | Bazaar   | Entered a bazaar
 15929 | Bazaar   | Found Peila's Antique Armour Emporium.
 16072 | Bazaar   | Found Datz's Magic Scroll Boutique.
 16081 | Bazaar   | Found Athuiss Ojat's Antique Armour Shop.
 16106 | Bazaar   | Found Apludal's Magic Scroll Shoppe.
 16116 | Bazaar   | Found Ichoxept's Assorted Antiques.
 16122 | Bazaar   | Bought a scroll of identify for 64 gold pieces
 16137 | Bazaar   | Bought a scroll of identify for 22 gold pieces
 16156 | Bazaar   | Bought a polished chain mail for 218 gold pieces
 16156 | Bazaar   | Identified the +2 chain mail "Odiyryg" {Rampage} (You
                  | bought it in a shop in a bazaar)
 16216 | Bazaar   | Bought a scroll of silence for 82 gold pieces
 16282 | D:14     | Identified the +10 rapier of Eternal Vigilance {vorpal,
                  | Drain rElec Dex+10} (Trog gifted it to you on level 14 of
                  | the Dungeon)
 16282 | D:14     | Received a gift from Trog
 16924 | D:14     | Found a gate to the Vaults.
 18021 | D:15     | Entered Level 15 of the Dungeon
 18213 | D:15     | Noticed an ettin
 18244 | D:15     | Killed an ettin
 18666 | D:15     | Found a bloodstained altar of Trog.
 18667 | D:15     | Noticed Gitueniwk's ghost (journeyman GrEE)
 18687 | D:15     | Found a transporter.
 18690 | D:15     | Found a transporter.
 18816 | D:15     | Found a staircase to the Depths.
 18870 | D:15     | Noticed Nessos
 18885 | D:15     | Killed Nessos
 19077 | D:15     | Reached XP level 14. HP: 125/130 MP: 13/13
 19087 | D:15     | Reached skill level 10 in Fighting
 19462 | D:15     | Received a gift from Trog
 19590 | D:15     | Killed Gitueniwk's ghost
 19595 | D:15     | Reached skill level 17 in Shields
 19866 | Depths:1 | Entered Level 1 of the Depths
 19941 | Orc:1    | Entered Level 1 of the Orcish Mines
 19941 | Orc:1    | Noticed Sonja
 19969 | Orc:1    | Killed Sonja
 20427 | Orc:2    | Entered Level 2 of the Orcish Mines
 20467 | Orc:2    | Found a staircase to the Elven Halls.
 22270 | D:11     | Upgraded the game from 0.29-a0-221-gceb61267dd to
                  | 0.29-a0-231-g945431f764
 22551 | Lair:1   | Noticed Gastronok
 22580 | Lair:1   | Killed Gastronok
 22728 | Lair:1   | Noticed Erica
 22749 | Lair:1   | Killed Erica
 22807 | Lair:1   | Reached skill level 18 in Shields
 22857 | Lair:1   | Identified the +10 rapier "Giantslayer" {vorpal, rPois
                  | Dex+3} (Trog gifted it to you on level 1 of the Lair of
                  | Beasts)
 22857 | Lair:1   | Received a gift from Trog
 23124 | Lair:1   | Found a runed translucent gate.
 23124 | Lair:1   | Found a runed translucent gate.
 23125 | Lair:1   | Found a runed translucent gate.
 23129 | Lair:1   | Noticed Gainor's ghost (novice HuMo)
 23129 | Lair:1   | Noticed Waabatro's ghost (novice GrFi)
 23162 | Lair:1   | Killed Waabatro's ghost
 23180 | Lair:1   | Killed Gainor's ghost
 23243 | Lair:1   | Lost mutation: Your system is resistant to poisons. (rPois)
                  | [potion of mutation]
 23243 | Lair:1   | Lost mutation: You are dopey. (Int -2) [potion of mutation]
 23243 | Lair:1   | Gained mutation: You are agile. (Dex +2) [potion of
                  | mutation]
 23782 | Lair:2   | Lost mutation: You are agile. (Dex +2) [potion of mutation]
 23782 | Lair:2   | Lost mutation: You are robust. (+10% HP) [potion of
                  | mutation]
 23782 | Lair:2   | Gained mutation: You have large cloven feet. [potion of
                  | mutation]
 24121 | Lair:2   | Found a hide-covered altar of Uskayaw.
 24135 | Lair:2   | Found an ornate altar of the Wu Jian Council.
 24291 | Lair:2   | Found a staircase to the Snake Pit.
 24327 | Lair:2   | Reached skill level 5 in Throwing
 24393 | Lair:2   | Reached XP level 15. HP: 133/133 MP: 14/14
 25612 | Lair:3   | You fall into a shaft and drop 3 floors!
 25612 | Lair:6   | Entered Level 6 of the Lair of Beasts
 25662 | Lair:6   | Found a frozen archway.
 25690 | IceCv    | Entered an ice cave
 25925 | IceCv    | Received a gift from Trog
 25929 | IceCv    | Upgraded the game from 0.29-a0-231-g945431f764 to
                  | 0.29-a0-233-g1125b37a9b
 26106 | IceCv    | Reached ****** piety under Trog
 27072 | Lair:4   | Noticed Urug
 27080 | Lair:4   | Killed Urug
 27536 | Lair:4   | Received a gift from Trog
 27888 | Lair:4   | Found a staircase to the Shoals.
 28520 | Lair:5   | Found a viscous altar of Jiyva.
 28521 | Lair:5   | Found a staircase to the Slime Pits.
 28539 | Lair:5   | Noticed Snorg
 28555 | Lair:5   | Killed Snorg
 29427 | Slime:1  | Entered Level 1 of the Pits of Slime
 29427 | Slime:1  | Noticed an acid blob
 29567 | Lair:6   | Reached skill level 10 in Throwing
 29635 | Lair:6   | Reached XP level 16. HP: 145/145 MP: 15/15
 29658 | Lair:6   | Received a gift from Trog
 30627 | Orc:2    | Upgraded the game from 0.29-a0-233-g1125b37a9b to
                  | 0.29-a0-284-gf9362112df
 30854 | Orc:2    | Found Eduitz's Magic Scroll Boutique.
 30855 | Orc:2    | Found Iriaser's Assorted Antiques.
 30855 | Orc:2    | Found Mefaw's Antique Armour Boutique.
 30856 | Orc:2    | Found Caclef's Assorted Antiques.
 30862 | Orc:2    | Bought a potion of curing for 84 gold pieces
 30862 | Orc:2    | Bought a potion of heal wounds for 140 gold pieces
 30862 | Orc:2    | Bought a glowing hat for 196 gold pieces
 30862 | Orc:2    | Bought a potion of mutation for 224 gold pieces
 30862 | Orc:2    | Bought a potion of might for 112 gold pieces
 30874 | Orc:2    | Bought a potion of heal wounds for 145 gold pieces
 30874 | Orc:2    | Bought a scroll of identify for 58 gold pieces
 30874 | Orc:2    | Bought a scroll of summoning for 275 gold pieces
 30874 | Orc:2    | Bought 2 potions of invisibility for 464 gold pieces
 30877 | Orc:2    | Bought a scroll of identify for 24 gold pieces
 30877 | Orc:2    | Bought a scroll of identify for 24 gold pieces
 30877 | Orc:2    | Bought a scroll of identify for 24 gold pieces
 30877 | Orc:2    | Bought a scroll of identify for 24 gold pieces
 31005 | Elf:1    | Entered Level 1 of the Elven Halls
 31381 | Elf:1    | Lost mutation: You have large cloven feet. [potion of
                  | mutation]
 31381 | Elf:1    | Gained mutation: You have hidden genetic defects. [potion
                  | of mutation]
 31381 | Elf:1    | Gained mutation: You are agile. (Dex +2) [potion of
                  | mutation]
 31381 | Elf:1    | Gained mutation: You have an increased reservoir of magic.
                  | (+10% MP) [potion of mutation]
 31381 | Elf:1    | Gained mutation: Your mind is acute. (Int +2) [potion of
                  | mutation]
 31390 | Elf:1    | Paralysed by an air elemental for 1 turns
 31399 | Elf:1    | Noticed Donald
 31411 | Elf:1    | Received a gift from Trog
 31420 | Elf:1    | Killed Donald
 32062 | Elf:1    | Gained mutation: You sometimes lose the ability to read
                  | scrolls when taking damage. [hidden defects]
 33440 | Shoals:1 | Entered Level 1 of the Shoals
 33798 | Shoals:1 | Received a gift from Trog
 34420 | Shoals:1 | Gained mutation: You occasionally shout uncontrollably at
                  | your foes. [hidden defects]
 34420 | Shoals:1 | Lost mutation: You have hidden genetic defects. [hidden
                  | defects expressed]
 34910 | Shoals:2 | Reached skill level 15 in Throwing
 35209 | Shoals:2 | Reached XP level 17. HP: 126/152 MP: 18/18
 35765 | Lair:5   | HP: 7/152 [slime creature (10)]
 35766 | Lair:5   | Slain by a slime creature

Illustrated notes

Levels and vault maps discovered:
D:1:      minmay_arrival_semitransparent, layout_loops_ring,
          minmay_splitting_lines, wander_ebering_terrifying_dragon_lair
D:2:      layout_basic, minmay_hexomino_r4, uniq_robin
D:3:      kennysheep_big_flooded_room, layout_basic,
          mainiacjoe_overflow_24_doors, demons_altar, biasface_ghost_orc_armoury
D:4:      layout_loops_ring, xom_teletrap_fun, minmay_temple_entry_overgrown,
          hangedman_minor_gate_pass, uniq_eustachio
D:5:      layout_cave_pools, nicolae_overflow_hidden_temple, uniq_grinder
D:6:      layout_rooms
D:7:      layout_gridville, lemuel_doored_altar, serial_rivers,
          chequers_serial_rivers_marsh, chequers_serial_rivers_room_a,
          chequers_serial_rivers_small_b, chequers_serial_rivers_small_b,
          chequers_serial_rivers_room_b, uniq_harold
D:8:      layout_gridville, grunt_lair_entry_orc_guard_hut, enter_bailey_5
D:9:      layout_roguey, serial_shops, nicolae_shop_waterfront, shop, shop,
          nicolae_diamond_shop, minmay_holes
D:10:     layout_gridville, uniq_josephine
D:11:     layout_loops_corners, orc_0_dummy, serial_shops, shop,
          nicolae_water_bricks
D:12:     layout_cave_pools, uniq_rupert
D:13:     layout_roguey, minivault_16, kennysheep_windowed_goal
D:14:     layout_rooms, grunt_vaults_entry_fortified, serial_shops,
          freezing_bzr, chequers_serial_rivers_micro_e, nicolae_lava_and_water
D:15:     hangedman_depths_entry_civil_slaughter, layout_loops_cross,
          gammafunk_ghost_wrathful_warriors, hangedman_decor_points,
          argonaut_gorgonesque, uniq_nessos
Temple:   nicolae_temple_no_exploring_needed
Lair:1:   layout_hall_layers, serial_bayou, serial_bayou_pond_e,
          serial_bayou_lagoon_b, serial_bayou_lagoon_a, serial_bayou_lake_a,
          gammafunk_ghost_cemetery, nicolae_quartered_pool_medium, uniq_erica,
          uniq_gastronok
Lair:2:   nzn_winding_woodlands_three_and_one
          [nzn_winding_woodlands_5x15_concentric,
          nzn_winding_woodlands_5x15_split_checker,
          nzn_winding_woodlands_5x15_twine, nzn_winding_woodlands_center_lodge],
          layout_regular_city, guppyfry_snake_entry_garden,
          nzn_masters_of_martial_movement, grunt_megastairs_2
Lair:3:   layout_gridlike
Lair:4:   layout_long_grid, elwin_shoals_entry_rooms, serial_bayou_shore_a,
          grunt_megastairs_5, uniq_urug
Lair:5:   layout_cave_pods, slime_altar_1, uniq_snorg
Lair:6:   minmay_lair_end_frog_pond, layout_loops_ring,
          portal_ice_cave_entry_imps, minmay_stone_trees_medium,
          fungi_pond_lemuel, infiniplex_staircase_pool
Shoals:1: layout_shoals
Shoals:2: layout_shoals
Slime:1:  layout_caves, basic_altar
Orc:1:    layout_caves, serial_shops, uniq_sonja
Orc:2:    st_orc_pillars, layout_diamond_mine
Elf:1:    minmay_elf_arrival_circle, layout_loops_corners, minivault_28,
          uniq_donald
Elf:2:    nicolae_elf_blades_crystal_corner, layout_geoelf_octagon,
          serial_shops, shop
Depths:1: layout_basic, hell_entry, elyvilon_altar_1, abyss_entry, pan_entry,
          minmay_starry_boxes

Skill      XL: |  1  2  3  4  5  6  7  8  9 10 11 12 13 14 15 16 |
---------------+-------------------------------------------------+-----
Axes           | 4 |  4.5
Fighting       | 4 5 6 7 8 9 12 13 14 | 14.0
Short Blades   | 1 3 5 6 8 11 12 14 | 14.0
Armour         | 3 4 6 8 10 11 13 14 | 14.0
Dodging        | 3 |  3.4
Throwing       | 1 5 10 15 | 15.3
Stealth        | 1 2 3 4 |  4.3
Staves         | 1 |  1.4
Shields        | 4 11 16 18 | 18.0
Slings         | 1 |  1.2
Crossbows      | 1 |  1.1
Bows           | 1 |  1.0
Invocations    | 1 |  1.0
Evocations     | 1 3 5 7 |  7.9

Action                   |  1- 3 |  4- 6 |  7- 9 | 10-12 | 13-15 | 16-18 || total
-------------------------+-------+-------+-------+-------+-------+-------++-------
Melee: Hand axe          |     6 |       |       |       |       |       ||     6
       Short sword       |    71 |   154 |   447 |  1274 |    85 |       ||  2031
       Headbutt          |    13 |    29 |    76 |   361 |   420 |   115 ||  1014
       Punch             |       |     1 |     8 |     1 |       |       ||    10
       Unarmed           |       |       |       |     6 |       |       ||     6
       Rapier            |       |       |       |       |  1319 |   473 ||  1792
Throw: Boomerang         |       |     9 |    51 |    90 |   309 |   122 ||   581
       Throwing net      |       |       |     1 |     8 |       |       ||     9
       Javelin           |       |       |       |       |    13 |    44 ||    57
Invok: Berserk           |     2 |     2 |     4 |    10 |     3 |     1 ||    22
       Trog's Hand       |     1 |     1 |     1 |     1 |     1 |       ||     5
Evoke: Wand              |       |       |       |    18 |     4 |     1 ||    23
       Tin of tremorston |       |       |       |     3 |     4 |     2 ||     9
       Condenser vane    |       |       |       |     1 |     2 |     1 ||     4
       Piece from Xom's  |       |       |       |       |    11 |     4 ||    15
       Lightning rod     |       |       |       |       |       |     1 ||     1
  Use: Scroll            |     4 |     3 |     2 |    12 |    14 |     4 ||    39
       Potion            |       |       |       |     4 |     6 |     5 ||    15
 Stab: Sleeping          |       |       |     1 |       |       |       ||     1
       Held in net/web   |       |       |       |     3 |       |       ||     3
       Petrified         |       |       |       |       |     3 |       ||     3
       Paralysed         |       |       |       |       |     2 |       ||     2
Armor: Animal skin       |     5 |       |       |       |       |       ||     5
       Leather armour    |    17 |    35 |    35 |       |       |       ||    87
       Crystal plate arm |       |       |   239 |   775 |   687 |   164 ||  1865
Dodge: Dodged            |    45 |    69 |   145 |   198 |   202 |    40 ||   699
Block: Buckler           |       |       |       |   325 |   146 |       ||   471
       Kite shield       |       |       |       |       |   677 |   317 ||   994
       Reflection        |       |       |       |       |    11 |    64 ||    75

Table legend: (Time is in decaauts)
 A = Elapsed time spent in this place.
 B = Non-inter-level travel time spent in this place.
 C = Inter-level travel time spent in this place.
 D = Time resting spent in this place.
 E = Time spent auto-exploring this place.
 F = Levels seen in this place.
 G = Mean time per level.
                   A        B        C        D        E       F      G
               +--------+--------+--------+--------+--------+-----+--------+
         Total |  34843 |  32911 |   1932 |   5870 |  19809 |  32 | 1088.8 |
       Dungeon |  19628 |  18477 |   1151 |   3304 |  11281 |  15 | 1308.5 |
        Temple |      1 |      1 |      0 |      0 |      0 |   1 |    1.0 |
          Lair |   6993 |   6412 |    581 |    601 |   4484 |   6 | 1165.5 |
        Shoals |   2290 |   2255 |     35 |    525 |   1171 |   2 | 1145.0 |
    Slime Pits |     17 |     16 |      1 |      0 |      2 |   1 |   17.0 |
  Orcish Mines |   2714 |   2614 |    100 |    733 |   1235 |   2 | 1357.0 |
   Elven Halls |   1717 |   1654 |     63 |    290 |    958 |   2 |  858.5 |
        Depths |     16 |     16 |      0 |      0 |      1 |   1 |   16.0 |
        Bazaar |    302 |    302 |      0 |      0 |    187 |   1 |  302.0 |
      Ice Cave |   1161 |   1161 |      0 |    416 |    489 |   1 | 1161.0 |
               +--------+--------+--------+--------+--------+-----+--------+

Top non-repeatable levels by time:
   Orc:2: 2198 daAuts
    D:11: 2065 daAuts
    D:15: 1935 daAuts
    D:14: 1819 daAuts
   Elf:1: 1677 daAuts
     D:3: 1605 daAuts
  Lair:4: 1424 daAuts
    D:13: 1413 daAuts
Shoals:1: 1401 daAuts
     D:4: 1399 daAuts
     D:8: 1399 daAuts
  Lair:2: 1310 daAuts
     D:9: 1230 daAuts
  Lair:1: 1188 daAuts
     D:7: 1183 daAuts
